 Dungeon Crawl Stone Soup version 0.27.1-3-gb3d3a73c9e (webtiles) character file.

Game seed: 15677255671948393260

589 karkarkar the Chopper (level 7, -2/60 HPs)
             Began as a Minotaur Fighter on Oct 29, 2021.
             Slain by an ogre (16 damage)
             ... on level 4 of the Dungeon.
             The game lasted 00:08:11 (4045 turns).

karkarkar the Chopper (Minotaur Fighter)            Turns: 4045, Time: 00:08:12

Health: -2/60      AC: 13    Str: 29    XL:     7   Next: 15%
Magic:  6/6        EV:  5    Int: 11    God:
Gold:   217        SH: 10    Dex:  9    Spells: 6/6 levels left

rFire    . . .     SeeInvis .   a - +0 war axe
rCold    . . .     Faith    .   c - +0 kite shield
rNeg     . . .     Spirit   .   i - +0 plate armour
rPois    .         Reflect  .   r - +1 hat
rElec    .         Harm     .   (no cloak)
rCorr    .         Rampage  .   o - +0 pair of gloves
Will     .....                  (no boots)
Stlth    ..........             (no amulet)
HPRegen  0.20/turn              n - +6 ring of intelligence
MPRegen  0.10/turn              p - +6 ring of strength

@: no status effects
A: horns 2, retaliatory headbutt
a: no special abilities


You were on level 4 of the Dungeon.
You visited 2 branches of the dungeon, and saw 5 of its levels.

You collected 217 gold pieces.

Inventory:

Hand Weapons
 a - a +0 war axe (weapon)
Missiles
 j - 16 boomerangs (quivered)
Armour
 c - a +0 kite shield (worn)
 i - a +0 plate armour (worn)
 o - a +0 pair of gloves (worn)
 r - a +1 hat (worn)
Jewellery
 k - an amulet of faith
 n - a +6 ring of intelligence (left hand)
 p - a +6 ring of strength (right hand)
Wands
 d - a wand of iceblast (6)
 q - a wand of digging (4)
Scrolls
 g - 2 scrolls of teleportation
 l - a scroll of amnesia
 t - a scroll of enchant weapon {unknown}
 v - a scroll of blinking {unknown}
Potions
 b - a potion of flight
 e - a potion of mutation {unknown}
 f - 2 potions of curing
 h - a potion of cancellation {unknown}
 m - a potion of heal wounds {unknown}
 s - a potion of degeneration {unknown}
 u - a potion of lignification


   Skills:
 + Level 4.9 Fighting
 * Level 7.6 Axes
 + Level 0.1 Throwing
 - Level 3.8 Armour
 + Level 5.4 Shields
 + Level 0.6 Evocations


You had 6 spell levels left.
You didn't know any spells.
Your spell library contained the following spells:

 Spells                   Type           Power      Damage    Failure   Level
 Pain                     Necr           0%         1d4       100%        1
 Sandblast                Erth           0%         2d4       100%        1
 Sting                    Tmut/Pois      0%         1d3       100%        1
 Passwall                 Tmut/Erth      0%         N/A       100%        2
 Poisonous Vapours        Pois/Air       0%         N/A       100%        2
 Static Discharge         Conj/Air       0%         N/A       100%        2
 Olgreb's Toxic Radiance  Pois           0%         N/A       100%        4
 Agony                    Necr           0%         N/A       100%        5
 Excruciating Wounds      Necr           0%         N/A       100%        5
 Lee's Rapid Deconstruct  Erth           0%         3d5*      100%        5
 Lightning Bolt           Conj/Air       0%         1d11      100%        5
 Maxwell's Capacitive Co  Air            0%         ∞         100%        8


Dungeon Overview and Level Annotations

Branches:
Dungeon (4/15)             Temple (1/1) D:4

Altars:
Ashenzari
Cheibriados
Dithmenos
Hepliaklqana
Makhleb
Nemelex Xobeh
Ru
Sif Muna
Trog
Uskayaw
Vehumet
Wu Jian
Xom
Yredelemnul
Zin
The Shining One


Innate Abilities, Weirdness & Mutations

You have a pair of horns on your head.
You reflexively headbutt those who attack you in melee.


Message History

You kill the kobold!
No target in view!
No target in view!
Things that are here:
a +0 short sword; a kobold corpse Unknown command.
Things that are here:
a +0 short sword; a kobold corpse
Found an escape hatch in the ceiling.
There is an escape hatch in the ceiling here.
A scorpion comes into view.
Found a scroll labelled ITHRIL EGUGAYNA.
The scorpion moves out of view.
The scorpion stings you but does no damage.
You slice the scorpion!!
You kill the scorpion!
No target in view!
No target in view!
v - a scroll labelled ITHRIL EGUGAYNA You see here a scorpion corpse.
There is a stone staircase leading down here.
An ogre comes into view. It is wielding a +0 giant club.
The ogre shouts!
The ogre barely misses you.
You slash the ogre! Your headbutt misses the ogre.
The ogre is moderately wounded.
The ogre hits you with a +0 giant club!
You hit the ogre.
The ogre is heavily wounded.
The ogre hits you with a +0 giant club!
Your shield prevents you from hitting the ogre.
The ogre is heavily wounded.
The ogre hits you with a +0 giant club!!
* * * LOW HITPOINT WARNING * * *
You are too injured to fight recklessly!
You are too injured to fight recklessly!
You slash the ogre!
The ogre is almost dead.
The ogre hits you with a +0 giant club!
You die...

###..## ##..##
##....###..##
..........## ..##.....##
...##.....# ##.####...##
.#######...#
...##.###.##########.#
...##.# #.# #...@O...#
..##..###.# #..#####.###
.###.#.##.# #..# #..##
.##.....#.###..#####....
.##...###..###...##..#
###.##.....#####....#
##.###..#...# ##...#
...##....#.## #...##
...#..#..#.# #....##


You could see an ogre.

Vanquished Creatures
  Grinder (D:3)
  An ogre (D:4)
  2 scorpions (D:4)
  An orc priest (D:4)
  A centaur skeleton (D:3)
  An orc wizard (D:4)
  3 adders
  A white imp (D:3)
  A worm (D:2)
  A dart slug (D:4)
  7 orcs
  8 endoplasms
  2 giant cockroaches
  3 goblins
  9 hobgoblins
  6 jackals
  2 quokkas (D:1)
  A ball python (D:2)
  5 bats
  4 frilled lizards
  7 kobolds
  7 rats
74 creatures vanquished.

Notes
Turn   | Place    | Note
-------+----------+-------------------------------------------
     0 | D:1      | karkarkar the Minotaur Fighter began the quest for the Orb.
     0 | D:1      | Reached XP level 1. HP: 19/19 MP: 0/0
   128 | D:1      | Found a faded altar of an unknown god.
   188 | D:1      | Reached XP level 2. HP: 27/27 MP: 1/1
  1032 | D:2      | Reached skill level 3 in Axes
  1035 | D:2      | Reached XP level 3. HP: 33/33 MP: 2/2
  1926 | D:3      | Reached skill level 4 in Axes
  1926 | D:3      | Reached XP level 4. HP: 37/40 MP: 3/3
  2379 | D:3      | Noticed Grinder
  2410 | D:3      | Killed Grinder
  2411 | D:3      | Reached skill level 6 in Axes
  2411 | D:3      | Reached XP level 5. HP: 21/47 MP: 4/4
  2411 | D:3      | Reached XP level 6. HP: 24/53 MP: 5/5
  3048 | D:4      | Reached skill level 5 in Shields
  3050 | D:4      | Reached skill level 7 in Axes
  3268 | D:4      | Found a staircase to the Ecumenical Temple.
  3296 | Temple   | Entered the Ecumenical Temple
  3795 | D:4      | Reached XP level 7. HP: 60/60 MP: 6/6
  4045 | D:4      | Slain by an ogre

Illustrated notes

Levels and vault maps discovered:
D:1:      denvon_arrival_planthouse, layout_loops_ring,
          hellmonk_ecumenical_altar_arch_garden
D:2:      layout_loops_cross, minmay_statues_item, grunt_decor_arrowhead,
          minmay_misc_feat_tower
D:3:      layout_loops_ring, item_on_display_b, uniq_grinder
D:4:      layout_layer_cave, minmay_temple_entry_offerings
Temple:   nicolae_temple_elliptical

Skill      XL: |  1  2  3  4  5  6 |
---------------+-------------------+-----
Shields        | 4 5 |  5.4
Fighting       | 4 |  4.9
Axes           | 3 4 6 7 |  7.6
Throwing       | |  0.1
Armour         | |  3.8
Evocations     | |  0.6

Action                   |  1- 3 |  4- 6 |  7- 9 || total
-------------------------+-------+-------+-------++-------
Melee: War axe           |    85 |    66 |     7 ||   158
       Headbutt          |    10 |    11 |       ||    21
Throw: Boomerang         |       |     3 |     3 ||     6
Evoke: Wand              |       |     6 |       ||     6
  Use: Potion            |     1 |     1 |       ||     2
       Scroll            |     3 |     1 |       ||     4
Armor: Scale mail        |    11 |       |       ||    11
       Plate armour      |    25 |    50 |     1 ||    76
Dodge: Dodged            |    19 |    13 |     1 ||    33
Block: Kite shield       |    43 |    31 |     1 ||    75
